 Dungeon Crawl Stone Soup version 0.19-a0-1861-g35def1e (webtiles) character file.

30 Amnesiac the Sneak (level 3, 0/20 HPs)
             Began as a Deep Elf Assassin on Oct 12, 2016.
             Slain by TotoDurand's ghost (8 damage)
             ... on level 4 of the Dungeon.
             The game lasted 00:01:33 (1103 turns).

Amnesiac the Sneak (Deep Elf Assassin)              Turns: 1103, Time: 00:01:34

Health: 0/20       AC:  3    Str:  8    XL:     3   Next: 5%
Magic:  5/5        EV: 12    Int: 15    God:
Gold:   22         SH:  0    Dex: 17    Spells: 0 memorised, 2 levels left

rFire  . . .     SeeInvis .     i - +1 dagger (drain)
rCold  . . .     Gourm    .     c - +0 robe
rNeg   . . .     Faith    .     (no shield)
rPois  .         Spirit   .     (no helmet)
rElec  .         Dismiss  .     d - +0 cloak
rCorr  .         Reflect  .     (no gloves)
MR     .....     Harm     .     (no boots)
Stlth  +++.......               (no amulet)
                                (no ring)
                                (no ring)

@: no status effects
A: no striking features
a: no special abilities


You were on level 4 of the Dungeon.
You were hungry.

You visited 1 branch of the dungeon, and saw 4 of its levels.

You collected 22 gold pieces.

Inventory:

Hand Weapons
 a - a +2 dagger
 b - a +0 blowgun
 i - a +1 dagger of draining (weapon)
Missiles
 e - 16 poisoned needles
 f - 2 curare-tipped needles
Armour
 c - a +0 robe (worn)
 d - a +0 cloak (worn)
Scrolls
 h - a scroll of identify {unknown}
 k - 2 scrolls of remove curse {unknown}
 m - a scroll of amnesia {unknown}
 n - a scroll of teleportation {unknown}
 o - a scroll of magic mapping {unknown}
Potions
 j - a potion of heal wounds {unknown}
Comestibles
 g - 2 bread rations


   Skills:
 - Level 1.5 Fighting
 + Level 2.3 Short Blades
 - Level 2.0 Throwing
 - Level 1.2 Dodging
 * Level 6.0 Stealth


You had 2 spell levels left.
You didn't know any spells.

Dungeon Overview and Level Annotations

Branches:
Dungeon (4/15)
 Temple: D:4-7

Altars:
Sif Muna

Annotations:
D:4 TotoDurand's ghost, amateur VSTm


Message History

You closely miss the leopard gecko.
The leopard gecko bites you but does no damage.
You closely miss the leopard gecko. The leopard gecko barely misses you.
You closely miss the leopard gecko.
The leopard gecko bites you but does no damage.
You completely miss TotoDurand's ghost. TotoDurand's ghost hits you.
The leopard gecko bites you but does no damage.
You hit TotoDurand's ghost.
TotoDurand's ghost is lightly damaged.
The leopard gecko barely misses you. TotoDurand's ghost closely misses you.
You closely miss TotoDurand's ghost.
TotoDurand's ghost is lightly damaged.
The leopard gecko barely misses you. TotoDurand's ghost barely misses you.
You hit TotoDurand's ghost but do no damage.
TotoDurand's ghost is lightly damaged.
The leopard gecko bites you. TotoDurand's ghost closely misses you.
You hit TotoDurand's ghost.
TotoDurand's ghost is lightly damaged.
The leopard gecko closely misses you. TotoDurand's ghost hits you!
You die...

.# ##.# ..
###.... ##.
....... ..
....... #.
......#
#.#.........>.
..
#.lW.........
....###@..#
#.....
#.....###
#...# #..###.#
#...# #.
#.#####..#
#.##....#
##รท##....#
#........#
##.#.#....###
#....##.....#


You could see TotoDurand's ghost and a leopard gecko.

Vanquished Creatures
  2 leopard geckos (D:1)
  An orc (D:3)
  A giant cockroach (D:4)
  3 goblins
  A hobgoblin (D:2)
  5 jackals (D:4)
  3 kobolds
  2 quokkas
  A ball python (D:1)
  2 bats
  A frilled lizard (D:2)
  A rat (D:2)
23 creatures vanquished.

Notes
Turn   | Place    | Note
-------+----------+-------------------------------------------
     0 | D:1      | Amnesiac the Deep Elf Assassin began the quest for the Orb.
     0 | D:1      | Reached XP level 1. HP: 12/12 MP: 3/3
    37 | D:1      | Reached skill level 5 in Stealth
   114 | D:1      | Reached XP level 2. HP: 13/16 MP: 4/4
   254 | D:2      | Found a deep blue altar of Sif Muna.
   721 | D:4      | Reached skill level 6 in Stealth
   729 | D:4      | Reached XP level 3. HP: 14/20 MP: 5/5
  1092 | D:4      | Noticed TotoDurand's ghost (amateur VSTm)
  1103 | D:4      | Slain by TotoDurand's ghost

Vault maps used:
D:1:      minmay_arrival_solitary_statue
D:2:      lemuel_doored_altar, nicolae_overflow_crystal_walls, first_bread,
          lemuel_blue_sif_altar
D:4:      lemuel_round_altar, uniq_sigmund, uniq_crazy_yiuf_cottage

Skill      XL: |  1  2 |
---------------+-------+-----
Stealth        | 5 6 |  6.0
Fighting       | |  1.5
Short Blades   | |  2.3
Throwing       | |  2.0
Dodging        | |  1.2

Action                   || total
-------------------------++-------
Melee: Dagger            ||    84
 Stab: Sleeping          ||     4
Armor: Robe              ||    22
Dodge: Dodged            ||    57
